 Dungeon Crawl Stone Soup version 0.26-a0-863-g3bff4b215c (webtiles) character file.

Game seed: 16904027956245654212

8290 karrick the Cleaver (level 11, -12/84 HPs)
             Began as a Demonspawn Gladiator on Nov 26, 2020.
             Was a Follower of Okawaru.
             Blown up by Joseph (31 damage)
             ... with a disintegration bolt
             ... on level 8 of the Dungeon.
             The game lasted 00:21:23 (13505 turns).

karrick the Cleaver (Demonspawn Gladiator)         Turns: 13505, Time: 00:21:23

Health: -12/84     AC: 13    Str: 17    XL:     11   Next: 8%
Magic:  11/11      EV: 15    Int: 10    God:    Okawaru [*.....]
Gold:   409        SH:  8    Dex: 21    Spells: 8/10 levels left

rFire    + . .     SeeInvis .   I - +2 hand axe (vamp)
rCold    . . .     Faith    .   O - +0 kite shield
rNeg     . . .     Spirit   .   B - +2 scale mail {rF+}
rPois    .         Reflect  .   c - +0 helmet
rElec    .         Harm     .   F - scarf {shadows}
rCorr    .         Rampage  .   (no gloves)
MR       .....                  (no boots)
Stlth    +.........             A - amulet of magic regeneration
HPRegen  0.24/turn              m - +6 ring of dexterity
MPRegen  0.37/turn              H - +4 ring of evasion

@: about to teleport
A: yellow scales 2, foul stench 1, spiny 2, rot immunity
a: Heroism, Renounce Religion


You were on level 8 of the Dungeon.
You worshipped Okawaru.
Okawaru was aware of your devotion.
You visited 2 branches of the dungeon, and saw 12 of its levels.

You collected 409 gold pieces.

Inventory:

Hand Weapons
 a - a +0 war axe
 I - a +2 vampiric hand axe (weapon)
 J - the +7 Singing Sword {vorpal, sonic wave}
   (You found it on level 7 of the Dungeon)

   It inflicts extra damage upon your enemies.
Missiles
 d - 3 throwing nets (quivered)
Armour
 b - the +1 chain mail "Qafapne" {rPois rF+ rC-}
   (You found it on level 9 of the Dungeon)

   It protects you from fire.
   It makes you vulnerable to cold.
   It protects you from poison.
 c - a +0 helmet (worn)
 h - a +0 cloak
 B - a +2 scale mail of fire resistance (worn)
 F - a scarf of shadows (worn)
 G - the +1 robe of Oblivion {rPois rF+}
   (You found it on level 7 of the Dungeon)

   It protects you from fire.
   It protects you from poison.
 M - a +2 robe of the Archmagi
 O - a +0 kite shield (worn)
Jewellery
 l - an uncursed ring of wizardry
 m - a +6 ring of dexterity (left hand)
 n - a cursed -4 ring of strength {unknown}
 v - an uncursed ring of magical power
 A - an amulet of magic regeneration (around neck)
 H - a +4 ring of evasion (right hand)
Wands
 p - a wand of random effects (15)
 t - a wand of paralysis (14)
 y - a wand of polymorph (26)
 z - a wand of acid (27)
Scrolls
 e - 2 scrolls of amnesia
 f - 6 scrolls of identify
 g - a scroll of random uselessness {unknown}
 j - a scroll of remove curse
 k - a scroll of enchant armour {unknown}
 o - 2 scrolls of noise
 q - 3 scrolls of immolation
 r - 4 scrolls of teleportation
 s - a scroll of enchant weapon {unknown}
 C - a scroll of magic mapping
 D - a scroll of blinking {unknown}
 K - a scroll of fear {unknown}
 Q - a scroll of holy word {unknown}
Potions
 i - 3 potions of might
 u - 2 potions of haste
 w - 2 potions of curing
 x - a potion of invisibility {unknown}
 E - a potion of degeneration {unknown}
 L - 3 potions of resistance
 N - a potion of mutation {unknown}
 P - 2 potions of flight


   Skills:
 + Level 7.3 Fighting
 + Level 11.5 Axes
 + Level 2.0 Throwing
 + Level 6.2 Armour
 + Level 5.9 Dodging
 + Level 3.0 Stealth
 + Level 1.0 Shields


You had 8 spell levels left.
You knew the following spells:

 Your Spells              Type           Power        Failure   Level
a - Passwall              Tmut/Erth      #.......     100%        2

Your spell library contained the following spells:

 Spells                   Type           Power        Failure   Level
 Sandblast                Erth           #.....       100%        1
 Summon Small Mammal      Summ           #...         100%        1
 Call Imp                 Summ           #.......     100%        2
 Call Canine Familiar     Summ           #.......     100%        3
 Stone Arrow              Conj/Erth      #.....       100%        3
 Summon Guardian Golem    Hex/Summ       #.......     100%        3
 Petrify                  Tmut/Erth      #.......     100%        4
 Summon Ice Beast         Ice/Summ       #.......     100%        4
 Summon Lightning Spire   Summ/Air       #.......     100%        4
 Lee's Rapid Deconstruct  Erth           #.........   100%        5


Dungeon Overview and Level Annotations

Branches:
Dungeon (11/15)            Temple (1/1) D:7             Orc (0/2) D:9
   Lair: D:8-11

Altars:
Ashenzari
Cheibriados
Dithmenos
Elyvilon
Fedhas
Gozag
Hepliaklqana
Kikubaaqudgha
Makhleb
Okawaru
Qazlal
Ru
Sif Muna
Trog
Uskayaw
Vehumet
Wu Jian
Xom
Yredelemnul
Zin
The Shining One

Annotations:
D:7 exclusion: statue
D:8 Joseph


Innate Abilities, Weirdness & Mutations

You are mostly covered in yellow scales. (AC +3)
You may emit foul miasma when damaged in melee.
You are mostly covered in sharp spines.
You are immune to rotting.


Message History

Joseph shoots a sling bullet.
The sling bullet completely misses you.
Joseph drinks a potion.
Joseph seems to grow stronger.
You hit Joseph.
Joseph is lightly wounded.
Joseph zaps a wand.
You are blasted!
You hit Joseph but do no damage.
Joseph is lightly wounded.
Joseph unwields a +0 hunting sling.
Joseph wields a +0 quarterstaff.
Joseph misses you.
You slash Joseph!
You feel better.
Joseph is lightly wounded.
You hit Joseph but do no damage.
Joseph is lightly wounded.
Joseph is struck by your spines. Joseph hits you with a +0 quarterstaff!
As you read the scroll of teleportation, it crumbles to dust.
You feel strangely unstable.
Joseph zaps a wand.
You are blasted!
* * * LOW HITPOINT WARNING * * *
It was a potion of curing.
You feel better.
Joseph zaps a wand.
You are blasted!
You die...

#...###. #..#.#
#...# #.#..#.#
##.## #.#..#.
#.# #.#.... #.#
#....# # #.#
#...##.#.# #.#
#..>......
#.#####.#.##.#.#
#.....@@...#
#######.#..#
#.#..# #.#..#
#.#..# #.#..#
#.#..# #.#


You could see Joseph (strong).

Vanquished Creatures
  Pikel (D:9)
  Psyche (D:9)
  3 meliai (D:10)
  Grinder (D:3)
  6 yaks (D:9)
  Edmund (D:4)
  A water moccasin (D:7)
  5 sky beasts
  3 orc warriors
  7 ogres
  2 phantoms
  A necrophage (D:10)
  5 centaurs
  4 lemures (D:9)
  2 big kobolds
  Blork the orc (D:4)
  4 bullfrogs
  A gnoll sergeant (D:10)
  6 scorpions
  5 killer bees (D:9)
  7 howler monkeys
  4 wights (D:8)
  A bullfrog zombie (D:9)
  A centaur zombie (D:4)
  5 orc priests
  2 bullfrog skeletons (D:4)
  5 hounds
  4 jellies
  2 centaur skeletons
  16 orc wizards
  Crazy Yiuf (D:3)
  Ijyb (D:3)
  Natasha (thrice) (D:3)
  5 iguanas
  8 worker ants
  4 hound skeletons
  A worker ant zombie (D:7)
  6 gnolls (D:10)
  15 adders
  2 white imps
  5 ufetubi
  3 oozes
  2 adder zombies (D:7)
  2 adder skeletons
  3 worms
  A dart slug (D:2)
  4 leopard geckos
  38 orcs
  7 bats
  3 giant cockroaches
  17 goblins
  5 hobgoblins
  6 jackals
  3 quokkas
  3 ball pythons
  4 frilled lizards
  19 kobolds
  8 rats
286 creatures vanquished.

Vanquished Creatures (others)
  An ogre (D:7)
  2 scorpions (D:7)
  2 killer bees (D:7)
  An orc wizard (D:9)
  A leopard gecko (D:7)
  2 fungi (D:7)
  11 plants
20 creatures vanquished.

Grand Total: 306 creatures vanquished

Notes
Turn   | Place    | Note
-------+----------+-------------------------------------------
     0 | D:1      | karrick the Demonspawn Gladiator began the quest for the
                  | Orb.
     0 | D:1      | Reached XP level 1. HP: 16/16 MP: 1/1
   328 | D:1      | Gained mutation: You are partially covered in yellow
                  | scales. (AC +2) [demonic ancestry]
   328 | D:1      | Reached XP level 2. HP: 22/22 MP: 2/2
   332 | D:1      | Reached skill level 3 in Axes
   718 | D:1      | Reached XP level 3. HP: 27/27 MP: 3/3
  1508 | D:2      | Gained mutation: You are mostly covered in yellow scales.
                  | (AC +3) [demonic ancestry]
  1508 | D:2      | Reached XP level 4. HP: 20/33 MP: 4/4
  2035 | D:2      | Noticed a phantom
  2204 | D:3      | Reached skill level 1 in Armour
  2804 | D:3      | Noticed Natasha
  2819 | D:3      | Killed Natasha
  2883 | D:3      | Noticed Natasha
  2941 | D:3      | Killed Natasha
  2942 | D:3      | Reached skill level 4 in Axes
  2942 | D:3      | Gained mutation: You are immune to rotting. [demonic
                  | ancestry]
  2942 | D:3      | Reached XP level 5. HP: 36/39 MP: 5/5
  2979 | D:3      | Noticed Grinder
  2996 | D:3      | Reached skill level 1 in Stealth
  3206 | D:3      | Noticed Ijyb
  3217 | D:3      | Killed Ijyb
  3268 | D:3      | Found a burning altar of Makhleb.
  3268 | D:3      | Noticed a green death
  3272 | D:3      | Noticed a neqoxec
  3272 | D:3      | Noticed an orange demon
  3281 | D:3      | Noticed Natasha
  3286 | D:3      | Killed Natasha
  3686 | D:3      | Found a runed translucent door.
  3687 | D:3      | Noticed Crazy Yiuf
  3697 | D:3      | Killed Crazy Yiuf
  3698 | D:3      | Gained mutation: You may emit foul miasma when damaged in
                  | melee. [demonic ancestry]
  3698 | D:3      | Reached XP level 6. HP: 12/46 MP: 6/6
  4494 | D:2      | Found a stormy altar of Qazlal.
  4496 | D:2      | Noticed an air elemental
  4497 | D:2      | Noticed a fire elemental
  4497 | D:2      | Noticed a water elemental
  4840 | D:3      | Paralysed by Grinder for 4 turns
  4851 | D:3      | Paralysed by Grinder for 3 turns
  5119 | D:4      | Reached skill level 5 in Axes
  5129 | D:4      | Found an ancient bone altar of Kikubaaqudgha.
  5243 | D:4      | Reached XP level 7. HP: 43/52 MP: 7/7
  5461 | D:4      | Reached skill level 6 in Axes
  5726 | D:4      | Noticed Blork the orc
  5736 | D:4      | Killed Blork the orc
  5737 | D:4      | Noticed Edmund
  5747 | D:4      | Killed Edmund
  6045 | D:4      | Reached XP level 8. HP: 58/58 MP: 8/8
  6178 | D:5      | Entered Level 5 of the Dungeon
  6202 | D:5      | Found an opulent altar of Gozag.
  6283 | D:5      | Reached skill level 7 in Axes
  7385 | D:6      | Found a shimmering altar of Xom.
  7506 | D:6      | Reached skill level 8 in Axes
  8079 | D:3      | Paralysed by Grinder for 7 turns
  8092 | D:3      | Paralysed by Grinder for 6 turns
  8103 | D:3      | Killed Grinder
  8104 | D:3      | Gained mutation: You are partially covered in sharp spines.
                  | [demonic ancestry]
  8104 | D:3      | Reached XP level 9. HP: 28/66 MP: 9/9
  8359 | D:7      | Got a steaming robe
  8363 | D:7      | Learned a level 2 spell: Passwall
  8373 | D:7      | Identified the +1 robe of Oblivion {rPois rF+} (You found
                  | it on level 7 of the Dungeon)
  8429 | D:7      | Found a staircase to the Ecumenical Temple.
  8457 | Temple   | Entered the Ecumenical Temple
  8734 | D:7      | Found a shimmering altar of Xom.
  8865 | D:7      | Reached skill level 5 in Fighting
  9038 | D:7      | Found a radiant altar of Vehumet.
  9219 | D:7      | Reached skill level 9 in Axes
  9277 | D:7      | Found the +7 Singing Sword {vorpal, sonic wave}
  9507 | D:7      | Reached skill level 5 in Dodging
  9560 | D:7      | Found a sacrificial altar of Ru.
  9845 | D:7      | Found a sacrificial altar of Ru.
 10573 | D:8      | Noticed Joseph
 10681 | D:9      | Reached skill level 5 in Armour
 10794 | D:9      | Gained mutation: You are mostly covered in sharp spines.
                  | [demonic ancestry]
 10794 | D:9      | Reached XP level 10. HP: 76/76 MP: 10/10
 10796 | D:9      | Reached skill level 10 in Axes
 10881 | D:9      | Noticed Pikel
 10971 | D:9      | Killed Pikel
 11214 | D:9      | Noticed Psyche
 11223 | D:9      | Killed Psyche
 11224 | D:9      | Reached skill level 11 in Axes
 11479 | D:9      | Found a white marble altar of Elyvilon.
 11505 | D:9      | Found a staircase to the Orcish Mines.
 11585 | D:9      | Got a bloodstained chain mail
 11596 | D:9      | Identified the +1 chain mail "Qafapne" {rPois rF+ rC-} (You
                  | found it on level 9 of the Dungeon)
 11621 | D:9      | Found an ornate altar of the Wu Jian Council.
 11621 | D:9      | Found a blossoming altar of Fedhas.
 11632 | D:9      | Found an iron altar of Okawaru.
 11697 | D:9      | Became a worshipper of Warmaster Okawaru
 11820 | D:10     | Entered Level 10 of the Dungeon
 12310 | D:10     | Reached * piety under Okawaru
 12784 | D:10     | Reached XP level 11. HP: 84/84 MP: 11/11
 13184 | D:11     | Noticed a catoblepas
 13386 | D:11     | Reached skill level 1 in Shields
 13505 | D:8      | Blown up by Joseph

Illustrated notes

Levels and vault maps discovered:
D:1:      minmay_arrival_nine_rooms, layout_basic, st_stairs_13
D:2:      layout_basic, nicolae_qazlal_style_of_elements
D:3:      layout_rooms, makhleb_altar_promises_db, kennysheep_small_spiral,
          minmay_misc_feat_x, uniq_crazy_yiuf_cottage, uniq_grinder,
          uniq_natasha, uniq_ijyb
D:4:      corexii_shack_village, layout_rooms, general_overflow_altar,
          serial_forest, infiniplex_forest_end_3, infiniplex_forest_zigzag_1,
          infiniplex_forest_zigzag_1, infiniplex_forest_end_1,
          infiniplex_forest_lined_ring, infiniplex_forest_clump_long,
          uniq_edmund, uniq_blork_the_orc
D:5:      cheibrodos_quashed, layout_basic, nicolae_gozag_seed_capital,
          item_on_display_a
D:6:      layout_basic, basic_altar
D:7:      old_forge, layout_basic, vehumet_statue, xom_confusion_cloud,
          kennysheep_little_box, minmay_temple_entry_hall,
          nicolae_ru_path_of_blood
D:8:      layout_basic, nemelex_altar_shiori, uniq_joseph
D:9:      layout_cave_pools, elyvilon_altar_3,
          gammafunk_temple_overflow_forgotten, orc_0_dummy, uniq_pikel,
          uniq_psyche
D:10:     layout_grid_maze
D:11:     nzn_motion_control, layout_basic, dpeg_oklobed_lair,
          ebering_ghost_reflecting_pool
Temple:   jpeg_temple_alley_garden

Skill      XL: |  1  2  3  4  5  6  7  8  9 10 11 |
---------------+----------------------------------+-----
Axes           | 3 4 5 6 8 9 11 | 11.5
Dodging        | 3 4 5 |  5.9
Throwing       | 2 |  2.0
Armour         | 1 2 3 5 6 |  6.2
Stealth        | 1 2 3 |  3.0
Fighting       | 3 4 5 7 |  7.3
Shields        | 1 |  1.0

Action                   |  1- 3 |  4- 6 |  7- 9 | 10-12 || total
-------------------------+-------+-------+-------+-------++-------
Melee: War axe           |   103 |   195 |   269 |       ||   567
       Hand axe          |       |       |   233 |   277 ||   510
  Use: Scroll            |       |     2 |     1 |     8 ||    11
       Potion            |       |     5 |       |     1 ||     6
 Stab: Sleeping          |     2 |     3 |     2 |       ||     7
       Distracted        |       |       |     1 |     1 ||     2
Armor: Leather armour    |    35 |    52 |    29 |       ||   116
       Skin              |       |     7 |       |       ||     7
       Scale mail        |       |       |   158 |    97 ||   255
Dodge: Dodged            |    66 |   116 |   296 |   154 ||   632
Block: Kite shield       |       |       |       |    50 ||    50

Table legend: (Time is in decaauts)
 A = Elapsed time spent in this place.
 B = Non-inter-level travel time spent in this place.
 C = Inter-level travel time spent in this place.
 D = Time resting spent in this place.
 E = Time spent auto-exploring this place.
 F = Levels seen in this place.
 G = Mean time per level.
                   A        B        C        D        E       F      G
               +--------+--------+--------+--------+--------+-----+--------+
         Total |  13570 |  13172 |    398 |   2157 |   8503 |  12 | 1130.8 |
       Dungeon |  13352 |  12984 |    368 |   2157 |   8346 |  11 | 1213.8 |
        Temple |    217 |    187 |     30 |      0 |    157 |   1 |  217.0 |
               +--------+--------+--------+--------+--------+-----+--------+

Top non-repeatable levels by time:
     D:3: 2086 daAuts
     D:2: 1812 daAuts
     D:4: 1722 daAuts
     D:7: 1527 daAuts
    D:10: 1263 daAuts
     D:9: 1188 daAuts
     D:1: 1140 daAuts
     D:6: 878 daAuts
     D:5: 808 daAuts
     D:8: 554 daAuts
    D:11: 369 daAuts
  Temple: 217 daAuts
